 Dungeon Crawl Stone Soup version 0.26-b1-32-g5d43845318 (webtiles) character file.

Game seed: 5461808428220418660

168 Dracia the Ruffian (level 5, -3/39 HPs)
             Began as a Demonspawn Gladiator on Jan 13, 2021.
             Slain by a shadow imp (6 damage)
             ... on level 3 of the Dungeon.
             The game lasted 00:03:34 (2364 turns).

Dracia the Ruffian (Demonspawn Gladiator)           Turns: 2364, Time: 00:03:35

Health: -3/39      AC:  6    Str: 15    XL:     5   Next: 24%
Magic:  0/5        EV: 13    Int: 10    God:
Gold:   158        SH:  0    Dex: 14    Spells: 4/4 levels left

rFire    + . .     SeeInvis .     - Unarmed
rCold    . . .     Faith    .   (no shield)
rNeg     . . .     Spirit   +   b - +0 leather armour
rPois    .         Reflect  .   c - +0 helmet
rElec    .         Harm     .   (no cloak)
rCorr    +         Rampage  .   (no gloves)
Will     .....                  (no boots)
Stlth    +.........             G - amulet of guardian spirit
HPRegen  0.13/turn              R - ring of resist corrosion
MPRegen  0.09/turn              F - ring of protection from fire

@: no status effects
A: claws 2, icy blue scales 1, miasma immunity
a: no special abilities


You were on level 3 of the Dungeon.
You visited 1 branch of the dungeon, and saw 3 of its levels.

You collected 158 gold pieces.


Innate Abilities, Weirdness & Mutations

You have very sharp fingernails.
You are partially covered in icy blue scales. (AC +2)
You are immune to miasma.


   Skills:
 - Level 2.6 Fighting
 - Level 2.6 Staves
 - Level 2.3 Throwing
 - Level 3.1 Dodging
 + Level 3.6 Unarmed Combat


You had 4 spell levels left.
You didn't know any spells.
Your spell library was empty.

Inventory:

Missiles
 d - 3 throwing nets (quivered) {=f=f}
 o - 11 poisoned darts
Armour
 b - a +0 leather armour (worn)
 c - a +0 helmet (worn)
Jewellery
 F - a ring of protection from fire (right claw)
 G - an amulet of guardian spirit (around neck)
 R - a ring of resist corrosion (left claw)
Scrolls
 a - a scroll of remove curse {unknown}
 e - 5 scrolls of identify {unknown}
 g - a scroll of fog {unknown}
 h - 2 scrolls of enchant armour {unknown}
 i - 2 scrolls of magic mapping {unknown}
 k - a scroll of enchant weapon {unknown}
 m - a scroll of fear {unknown}
Potions
 f - 2 potions of heal wounds {unknown}
 j - a potion of attraction {unknown}
 l - a potion of magic {unknown}
 n - a potion of mutation {unknown}
 p - a potion of lignification {unknown}
 q - a potion of curing {unknown}

Dungeon Overview and Level Annotations

Branches:
Dungeon (3/15)

Altars:

....# ...##### .#>##..#
### .#.....# #..###
..(....# #$..# ##.
#....#### #.# ....
##......#### #.### .....
...........###..)##oo....
.........#.....)@oooo....
..............##5##o....?
.................# .....
.##..........###... ....
. #######.#### #.... .#.
. #.. #.#.# .. . ####
#.#.. # .....$ #######...


You could see an orc priest, an orc wizard, a shadow imp and 5 orcs.


Message History

Unknown command.
The shadow imp closely misses you. The orc priest hits you with a +0 club.
You scratch the orc priest.
The orc priest is heavily wounded.
The shadow imp barely misses you. The orc priest hits you with a +0 club.
You closely miss the orc priest.
The orc priest is heavily wounded.
The orc wizard hits you with a +0 dagger.
The shadow imp closely misses you.
You scratch the orc priest.
The orc priest is almost dead.
The orc priest hits you with a +0 club.
* * * LOW HITPOINT WARNING * * *
The orc wizard hits you but does no damage.
The shadow imp barely misses you.
You scratch the orc priest but do no damage.
The orc priest is almost dead.
The orc wizard casts a spell at you. The puff of flame hits you. You resist.
* * * LOW HITPOINT WARNING * * *
The orc priest hits you with a +0 club.
* * * LOW HITPOINT WARNING * * *
The shadow imp barely misses you.
You scratch the orc priest.
You kill the orc priest!
The orc wizard points at you and mumbles some strange words.
The puff of frost hits you!
* * * LOW HITPOINT WARNING * * *
The shadow imp hits you.
You die...

Skill      XL: |  1  2  3  4 |
---------------+-------------+-----
Throwing       | 2 |  2.3
Dodging        | 3 |  3.1
Unarmed Combat | 2 3 |  3.6
Fighting       | |  2.6
Staves         | |  2.6

Action                   |  1- 3 |  4- 6 || total
-------------------------+-------+-------++-------
Melee: Quarterstaff      |    59 |       ||    59
       Unarmed           |    59 |   109 ||   168
       Punch             |       |     3 ||     3
 Stab: Sleeping          |     2 |       ||     2
Armor: Leather armour    |    50 |    21 ||    71
Dodge: Dodged            |   105 |    78 ||   183

Levels and vault maps discovered:
D:1:      lightli_arrival_maybe_door_vault, layout_rooms
D:2:      minmay_chambers_of_twos, layout_loops_cross, grunt_decor_clamped,
          grunt_decor_cap
D:3:      layout_rooms, nicolae_ru_the_path_less_chosen

Notes
Turn   | Place    | Note
-------+----------+-------------------------------------------
     0 | D:1      | Dracia the Demonspawn Gladiator began the quest for the
                  | Orb.
     0 | D:1      | Reached XP level 1. HP: 16/16 MP: 1/1
    41 | D:1      | Reached skill level 2 in Throwing
   220 | D:1      | Gained mutation: You are partially covered in icy blue
                  | scales. (AC +2) [demonic ancestry]
   220 | D:1      | Reached XP level 2. HP: 22/22 MP: 2/2
   380 | D:1      | Reached skill level 3 in Dodging
   738 | D:2      | Gained mutation: You have sharp fingernails. [demonic
                  | ancestry]
   738 | D:2      | Reached XP level 3. HP: 28/28 MP: 3/3
   873 | D:2      | Reached skill level 1 in Unarmed Combat
  1121 | D:2      | Reached skill level 2 in Unarmed Combat
  1121 | D:2      | Gained mutation: You have very sharp fingernails. [demonic
                  | ancestry]
  1121 | D:2      | Reached XP level 4. HP: 26/34 MP: 4/4
  1730 | D:2      | Reached skill level 3 in Unarmed Combat
  2170 | D:3      | Gained mutation: You are immune to miasma. [demonic
                  | ancestry]
  2170 | D:3      | Reached XP level 5. HP: 32/39 MP: 5/5
  2364 | D:3      | HP: 3/39 [orc wizard/puff of frost (7)]
  2364 | D:3      | Slain by a shadow imp

Vanquished Creatures
  An orc priest (D:3)
  4 gnolls (D:2)
  5 adders
  An ooze (D:2)
  4 worms
  A dart slug (D:1)
  A leopard gecko (D:3)
  An orc (D:3)
  5 bats
  3 giant cockroaches
  6 goblins
  11 hobgoblins
  5 jackals
  8 kobolds
  A ball python (D:1)
  4 frilled lizards
  8 rats
69 creatures vanquished.

Table legend: (Time is in decaauts)
 A = Elapsed time spent in this place.
 B = Non-inter-level travel time spent in this place.
 C = Inter-level travel time spent in this place.
 D = Time resting spent in this place.
 E = Time spent auto-exploring this place.
 F = Levels seen in this place.
 G = Mean time per level.
                   A        B        C        D        E       F      G
               +--------+--------+--------+--------+--------+-----+--------+
         Total |   2365 |   2310 |     55 |    160 |   1747 |   3 |  788.3 |
       Dungeon |   2365 |   2310 |     55 |    160 |   1747 |   3 |  788.3 |
               +--------+--------+--------+--------+--------+-----+--------+

Top non-repeatable levels by time:
     D:2: 1381 daAuts
     D:1: 733 daAuts
     D:3: 250 daAuts

Table legend:
 A = Non-vault XP
 B = Vault XP
 C = Vault XP percentage of total XP
 D = Non-vault monster count
 E = Vault monster count
 F = Vault count percentage of total count
                 A         B        C        D         E       F
            +---------+---------+-------+---------+---------+-------
      Total |     249 |      33 |  11.7 |      61 |       8 |  11.6
            +---------+---------+-------+---------+---------+-------
        D:1 |      38 |       0 |   0.0 |      23 |       0 |   0.0
        D:2 |     106 |      33 |  23.7 |      23 |       8 |  25.8
        D:3 |     105 |       0 |   0.0 |      15 |       0 |   0.0
            +---------+---------+-------+---------+---------+-------
